 Dungeon Crawl Stone Soup version 0.17-a0-1625-g47e540b (webtiles) character file.

3711 urechis the Basher (level 10, -11/111 HPs)
             Began as an Ogre Fighter on Aug 2, 2015.
             Was an Initiate of Ru.
             Mangled by an orc knight
             ... wielding a +0 glaive
              (17 damage)
             ... in a bailey.
             The game lasted 00:22:37 (8323 turns).

urechis the Basher (Ogre Fighter)                   Turns: 8323, Time: 00:22:37

Health: -11/111    AC:  9    Str: 26    XL:     10   Next: 14%
Magic:  10/10      EV:  8    Int:  7    God:    Ru [......]
Gold:   390        SH:  9    Dex:  9    Spells: 0 memorised, 9 levels left

rFire  . . .     SeeInvis .     a - +0 flail
rCold  . . .     Clarity  .     B - +0 troll leather armour
rNeg   . . .     SustAt   .     c - +0 shield
rPois  .         Gourm    .     (helmet restricted)
rElec  .         Spirit   .     x - +0 cloak
rCorr  .         Warding  .     (gloves unavailable)
rMut   .         Stasis   .     (boots unavailable)
MR     +....                    n - amulet of faith
Stlth  +.........               (no ring)
                                o - +3 ring of protection

@: somewhat resistant to hostile enchantments, very unstealthy
A: unfitting armour, tough skin 1
a: Renounce Religion


You were in a bailey.
You worshipped Ru.
Ru was noncommittal.
You were not hungry.

You visited 2 branches of the dungeon, and saw 9 of its levels.
You also visited: Bailey.

You collected 390 gold pieces.

Inventory:

Hand weapons
 a - a +0 flail (weapon)
Missiles
 f - 6 needles of slowing
 t - 19 poisoned needles
 w - 7 tomahawks (quivered)
Armour
 c - a +0 shield (worn)
 x - a +0 cloak (worn)
 B - a +0 troll leather armour (worn)
Jewellery
 n - an amulet of faith (around neck)
 o - a +3 ring of protection (left hand)
Magical devices
 b - a wand of frost (14)
Scrolls
 g - 2 scrolls of teleportation
 l - 2 scrolls of remove curse
 u - 2 scrolls of enchant weapon
 y - a scroll of enchant armour
 z - 2 scrolls of magic mapping {unknown}
 E - 2 scrolls of blinking {unknown}
 F - 2 scrolls of identify
 H - a scroll of silence {unknown}
 I - a scroll of holy word {unknown}
Potions
 d - a potion of might
 h - 3 potions of flight
 k - a potion of degeneration {unknown}
 m - a potion of cure mutation {unknown}
 p - 5 potions of brilliance
 q - a potion of resistance {unknown}
 v - 2 potions of berserk rage {unknown}
 A - a potion of poison {unknown}
 D - a potion of cancellation {unknown}
Miscellaneous
 r - a plain deck of defence
Comestibles
 e - 5 bread rations
 i - 4 meat rations
 j - 2 beef jerkies
 C - 2 fruits
 G - a slice of pizza


   Skills:
 - Level 10.8 Fighting
 - Level 14.1 Maces & Flails
 + Level 2.2 Armour
 - Level 2.6 Dodging
 + Level 3.6 Shields


You had 9 spell levels left.
You didn't know any spells.

Dungeon Overview and Level Annotations

Branches:
Dungeon (8/15)             Temple (1/1) D:6
   Lair: D:8-11

Altars:
Ashenzari
Cheibriados
Dithmenos
Elyvilon
Fedhas
Gozag
Kikubaaqudgha
Makhleb
Nemelex Xobeh
Okawaru
Qazlal
Ru
Sif Muna
Trog
Vehumet
Xom
Yredelemnul
Zin
The Shining One

Shops:
D:4 *


Innate Abilities, Weirdness & Mutations

You are too large for most types of armour.
You have tough skin (AC +1).


Message History

An orc warrior comes into view. It is wielding a halberd.
The orc warrior shouts!
The orc knight hits you from afar with a glaive!
* * * LOW HITPOINT WARNING * * *
Found 17 stones, a scroll of remove curse and a scroll labeled DAJOIF HIEXT.
There is an open door, spattered with blood here.
Drink which item? (? for menu, Esc to quit)
You feel better.
The orc warrior shoots a bolt.
You block the bolt.
The orc warrior hits you from afar with a halberd.
* * * LOW HITPOINT WARNING * * *
You block the orc's attack.
The orc knight roars a battlecry!
The orcs go into a battle-frenzy!
The orc knight hits you from afar with a glaive!
* * * LOW HITPOINT WARNING * * *
The orc barely misses you.
Drink which item? (? for menu, Esc to quit)
You feel better.
The orc knight hits you from afar with a glaive!
You die...

## ###
##.###########∩## ##
#?..##.....##...##..
#?..#..≈≈≈.(#(..#..≈
#(oo#.≈≈o≈≈.......≈≈
#...(.≈ooo≈.......≈o
#..@#.≈≈o≈≈.(..(..≈≈
#%.o#..≈≈≈..#(.(#..≈
#%..##.((..##.∩.##..
##.###########∩## ##
## ###


You could see 2 orc knights, 4 orc warriors and an orc (frenzied).

Vanquished Creatures
  The ghost of tompliss the Spear-Bearer, an experienced CeGl of Okawaru (D:8)
  A troll (D:5)
  Eustachio (D:4)
  2 hippogriffs (D:8)
  3 phantoms
  2 sky beasts
  A black bear (D:6)
  2 orc warriors
  A centaur (D:7)
  3 ogres
  2 giant frogs (D:8)
  A scorpion (D:7)
  A lava snake (D:7)
  6 crimson imps
  3 orc priests
  A jelly (D:7)
  4 giant frog skeletons
  An iguana (D:7)
  A giant frog zombie (D:8)
  Jessica (D:3)
  Terence (D:3)
  11 orc wizards
  9 worker ants
  A hound zombie (D:8)
  12 gnolls
  A river rat (D:8)
  13 adders
  A shadow imp (D:6)
  3 oozes
  An adder zombie (D:7)
  4 worms
  2 adder skeletons
  6 giant geckos
  28 orcs
  3 giant cockroaches (D:4)
  A goblin (D:1)
  7 hobgoblins
  3 jackals (D:6)
  2 quokkas (D:4)
  A ball python (D:3)
  A ball python skeleton (D:4)
  12 bats
  3 giant newts
  3 kobolds (D:2)
  A quokka skeleton (D:4)
  13 rats
  A fungus (D:8)
182 creatures vanquished.

Vanquished Creatures (others)
  3 fungi (D:8)
3 creatures vanquished.

Grand Total: 185 creatures vanquished

Notes
Turn   | Place    | Note
--------------------------------------------------------------
     0 | D:1      | urechis the Ogre Fighter began the quest for the Orb.
     0 | D:1      | Reached XP level 1. HP: 24/24 MP: 1/1
    87 | D:1      | Reached XP level 2. HP: 26/32 MP: 2/2
   775 | D:2      | Found a sparkling altar of Nemelex Xobeh.
   787 | D:2      | Reached XP level 3. HP: 21/40 MP: 3/3
  1073 | D:2      | Found a shadowy altar of Dithmenos.
  1074 | D:2      | Found a shimmering altar of Xom.
  1254 | D:3      | Reached XP level 4. HP: 45/49 MP: 4/4
  1329 | D:3      | You fall through a shaft for 2 floors!
  1329 | D:5      | Entered Level 5 of the Dungeon
  1375 | D:4      | Noticed Eustachio
  1460 | D:3      | Noticed Jessica
  1462 | D:3      | Killed Jessica
  1462 | D:3      | Reached skill level 5 in Maces & Flails
  1466 | D:3      | Noticed Terence
  1486 | D:3      | Reached skill level 5 in Fighting
  1489 | D:3      | Killed Terence
  1489 | D:3      | Reached XP level 5. HP: 38/57 MP: 5/5
  1678 | D:3      | Reached skill level 6 in Maces & Flails
  2619 | D:4      | Reached XP level 6. HP: 22/67 MP: 6/6
  2868 | D:4      | Reached skill level 7 in Maces & Flails
  2928 | D:4      | Found Resietz's General Store.
  3137 | D:4      | Found a basalt altar of Yredelemnul.
  3294 | D:4      | Killed Eustachio
  3294 | D:4      | Reached skill level 8 in Maces & Flails
  3294 | D:4      | Reached XP level 7. HP: 44/76 MP: 7/7
  3455 | D:4      | Found a deep blue altar of Sif Muna.
  4104 | D:5      | Reached skill level 9 in Maces & Flails
  4218 | D:5      | Found a shattered altar of Ashenzari.
  4277 | D:5      | Noticed an ogre
  4291 | D:5      | Killed an ogre
  4348 | D:5      | HP: 3/78 [crimson imp/wand of fire (14)]
  4760 | D:5      | Noticed a troll
  4774 | D:5      | Killed a troll
  4774 | D:5      | Reached skill level 10 in Maces & Flails
  4774 | D:5      | Reached XP level 8. HP: 13/88 MP: 8/8
  4928 | D:5      | Noticed a sky beast
  4950 | D:5      | Killed a sky beast
  5417 | D:6      | Reached skill level 11 in Maces & Flails
  5434 | D:6      | Found a staircase to the Ecumenical Temple.
  5443 | Temple   | Entered the Ecumenical Temple
  5455 | Temple   | Became a worshipper of Ru the Awakened
  5756 | D:6      | Found an iron altar of Okawaru.
  5821 | D:6      | Found a glowing golden altar of the Shining One.
  6595 | D:7      | Reached XP level 9. HP: 93/98 MP: 9/9
  6660 | D:7      | Reached skill level 12 in Maces & Flails
  7150 | D:7      | Reached skill level 10 in Fighting
  7405 | D:7      | Reached skill level 13 in Maces & Flails
  7485 | D:8      | Found a white marble altar of Elyvilon.
  7537 | D:8      | Noticed tompliss's ghost (experienced CeGl)
  7563 | D:8      | Killed tompliss's ghost
  7563 | D:8      | Reached skill level 14 in Maces & Flails
  7572 | D:8      | Reached XP level 10. HP: 62/111 MP: 10/10
  7645 | D:8      | Reached skill level 1 in Armour
  7873 | D:8      | Found a flagged portal.
  7891 | Bailey   | Entered a bailey
  7894 | Bailey   | Noticed an orc knight
  7897 | Bailey   | Noticed an orc knight
  8319 | Bailey   | Noticed an orc knight
  8322 | Bailey   | HP: 1/111 [orc knight/glaive (13)]
  8323 | Bailey   | Mangled by an orc knight

Vault maps used:
D:1:      dpeg_arrival_tiny_d, st_stairs_14, bh_walls_and_bars
D:2:      gammafunk_temple_overflow_statue, minmay_strange_pillars, nemelex_deck
D:3:      uniq_terence, uniq_jessica
D:4:      lemuel_blue_sif_altar, yredelemnul_altar_generic, serial_shops, shop,
          grunt_ministairs_8, uniq_eustachio
D:5:      first_bread, evilmike_ruin_ashenzari
D:6:      okawaru_gym_becter, kennysheep_mini_moat, temple_hall
D:7:      kennysheep_generic_room_4
D:8:      minmay_flawed_box, kennysheep_mini, grunt_lair_entry_elf_guard_hut,
          enter_bailey_2, enter_ossuary_1
Temple:   triangle_lava_temple_12
Bailey:   bailey_polearm_4, bailey

Action                   |  1- 3 |  4- 6 |  7- 9 | 10-12 || total
-------------------------+-------+-------+-------+-------++-------
Melee: Flail             |   106 |   167 |   424 |    91 ||   788
Throw: Tomahawk          |       |       |    21 |       ||    21
Invok: Reject Sacrifices |       |       |     1 |       ||     1
  Use: Potion            |       |       |     3 |     2 ||     5
       Scroll            |       |       |     6 |       ||     6
 Stab: Sleeping          |     1 |       |       |       ||     1
  Eat: Chunk             |       |     5 |    15 |     1 ||    21
       Pizza             |       |     1 |       |       ||     1
       Beef jerky        |       |       |     1 |       ||     1
       Fruit             |       |       |       |     2 ||     2
